cohdb
Replays
Latest Replays
All Replays
Popular Replays
Top Player Replays
Match Explorer
How It Works
Community
CoH3 Stats
Reddit
Sign in to upload your games and track your stats! →
Sign in with Steam
Match 42338471
Unlisted
Match 42338471
Overview
Messages
Build Orders
End
Scout Squad
Construct Barracks
Selects Special Operations Battlegroup
Selects M29 Weasel Recon Vehicle
M29 Weasel Recon Vehicle
Riflemen Squad
Riflemen Squad
Riflemen Squad
Construct Medical Station
Mechanized Support Center
Construct Motor Pool
M24 Chaffee Light Tank
M24 Chaffee Light Tank
Designate Forward Repair Station
M1918 Browning Automatic Rifles
Grenade Package
Riflemen Squad
Selects P-47 Anti-Infantry Loiter
Selects Smoke Screen
Selects SSF Commando Squad
M24 Chaffee Light Tank
P-47 Anti-Infantry Loiter
M24 Chaffee Light Tank
Selects M4A1 Sherman Whizbang
M4A1 Sherman Whizbang
Improvised Armor
M24 Chaffee Light Tank
Selects Air Re-supply Operation
Air Re-Supply Operation
P-47 Anti-Infantry Loiter
barti06
Grand.G
0
0
Comments
sign in to comment!
No comments posted yet!